 Dungeon Crawl Stone Soup version 0.22.0 (webtiles) character file.

191 BigChef the Poker (level 5, -9/41 HPs)
             Began as a Demonspawn Chaos Knight on Aug 29, 2018.
             Mangled by an orc warrior
             ... wielding a +0 flail
              (13 damage)
             ... on level 3 of the Dungeon.
             The game lasted 00:04:53 (2315 turns).

BigChef the Poker (Demonspawn Chaos Knight)         Turns: 2315, Time: 00:04:53

Health: -9/41      AC:  9    Str: 13    XL:     5   Next: 41%
Magic:  5/5        EV: 17    Int: 19    God:    Xom [*.....]
Gold:   92         SH:  0    Dex: 17    Spells: 4/4 levels left

rFire    . . .     SeeInvis .   a - +0 spear (chaos)
rCold    . . .     Gourm    +   (no shield)
rNeg     . . .     Faith    .   b - +2 leather armour
rPois    .         Spirit   .   i - +2 helmet {Int+3}
rElec    +         Reflect  .   (no cloak)
rCorr    .         Harm     .   (no gloves)
MR       .....                  (no boots)
Stlth    +++.......             d - amulet of the gourmand
HPRegen  0.13/turn              k - +1 ring of protection
MPRegen  0.09/turn              (no ring)

@: agile
A: clever 1, high mp 1, powered by pain 1, electricity resistance, sturdy frame
2
a: Renounce Religion


You were on level 3 of the Dungeon.
You worshipped Xom.
You were a special plaything of Xom.
You were not hungry.

You visited 1 branch of the dungeon, and saw 3 of its levels.

You collected 92 gold pieces.

Inventory:

Hand Weapons
 a - a +0 spear of chaos (weapon)
Armour
 b - a +2 leather armour (worn)
 i - a +2 helmet of intelligence (worn)
Jewellery
 d - an amulet of the gourmand (around neck)
 f - an uncursed ring of protection from magic {unknown}
 k - a +1 ring of protection (left hand)
Wands
 h - a wand of iceblast (7)
 n - a wand of enslavement (11)
Scrolls
 g - 4 scrolls of identify
 j - a scroll of enchant weapon {unknown}
 l - a scroll of teleportation
Comestibles
 c - 5 rations


   Skills:
 + Level 3.6 Fighting
 + Level 4.4 Polearms
 + Level 2.4 Armour
 + Level 1.8 Dodging
 + Level 1.0 Stealth


You had 4 spell levels left.
You didn't know any spells.
Your spell library was empty.

Dungeon Overview and Level Annotations

Branches:
Dungeon (3/15)

Altars:
Xom

Portals:
Sewer: D:3


Innate Abilities, Weirdness & Mutations

You sometimes gain a little power by taking damage.
Your movements are less encumbered by armour. (ER -4)
Your mind is acute. (Int +2)
You have an increased reservoir of magic. (+10% MP)
You are resistant to electric shocks. (rElec)


Message History

You are too injured to fight recklessly!
You are too injured to fight recklessly!
You are too injured to fight recklessly!
You are too injured to fight recklessly!
You hit the orc warrior but do no damage.
The orc warrior flickers and vanishes!
Deactivating autopickup; reactivate with Ctrl-A.
Xom thinks this is hilarious!
Something hits you!
* * * LOW HITPOINT WARNING * * *
You hit something but do no damage.
Nothing appears to happen.
Something hits you.
* * * LOW HITPOINT WARNING * * *
It was a potion of cancellation.
You feel magically purged.
Xom roars with laughter!
Something barely misses you.
It was a potion of agility.
You feel agile all of a sudden. Something hits you!
You die...

## #§ #. . #.. .##
#.... .≈# ###..
#≈# ##. #o# #. #{#
#########. #@#
#......##.
#.#######.####.##.
#.......#.####.##.
#######...........
###.####.##.
#.####.##.
#......##.
#########. #.


You could see an orc.

Vanquished Creatures
  Ijyb (D:3)
  An orc wizard (D:3)
  6 adders
  An ooze (D:3)
  4 worms
  3 dart slugs
  2 leopard geckos
  2 giant cockroaches
  9 hobgoblins
  2 jackals (D:2)
  2 ball pythons
  10 bats
  3 frilled lizards
  8 goblins
  9 kobolds
  7 rats
70 creatures vanquished.

Notes
Turn   | Place    | Note
-------+----------+-------------------------------------------
     0 | D:1      | BigChef the Demonspawn Chaos Knight began the quest for the Orb.
     0 | D:1      | Reached XP level 1. HP: 18/18 MP: 1/1
    67 | D:1      | Reached skill level 1 in Dodging
    67 | D:1      | XOM: divination: detect creatures
    96 | D:1      | Reached skill level 3 in Polearms
   206 | D:1      | Gained mutation: Your movements are slightly less encumbered by armour. (ER -2) [demonic ancestry]
   206 | D:1      | Reached XP level 2. HP: 24/24 MP: 2/2
   254 | D:1      | XOM: 5-stop teleportation journey
   492 | D:1      | XOM: scenery: create altars
   814 | D:2      | Reached XP level 3. HP: 29/29 MP: 3/3
   856 | D:2      | XOM: give mutations
   856 | D:2      | Gained mutation: You are resistant to electric shocks. (rElec) [Xom's grace]
   856 | D:2      | Gained mutation: Your mind is acute. (Int +2) [Xom's grace]
   856 | D:2      | Gained mutation: You have an increased reservoir of magic. (+10% MP) [Xom's grace]
  1008 | D:2      | XOM: god gift: wooden wand {god gift}
  1035 | D:2      | XOM: god gift: 11 bolts
  1036 | D:2      | XOM: god gift: glowing helmet {god gift}
  1047 | D:2      | XOM: enchant monster (good)
  1147 | D:2      | Gained mutation: You sometimes gain a little power by taking damage. [demonic ancestry]
  1147 | D:2      | Reached XP level 4. HP: 30/35 MP: 4/4
  1219 | D:2      | XOM: smoke on damage
  1694 | D:3      | XOM: harmless Air miscast
  1707 | D:3      | Reached skill level 4 in Polearms
  1751 | D:3      | XOM: noise
  1928 | D:3      | Found a glowing drain.
  1954 | D:3      | Gained mutation: Your movements are less encumbered by armour. (ER -4) [demonic ancestry]
  1954 | D:3      | Reached XP level 5. HP: 23/41 MP: 5/5
  2090 | D:3      | XOM: 1-stop teleportation journey
  2110 | D:3      | XOM: 2-stop teleportation journey
  2178 | D:3      | Noticed Ijyb
  2182 | D:3      | XOM: confuse monster(s)
  2196 | D:3      | XOM: summons 5 friendly demons
  2200 | D:3      | Killed Ijyb
  2295 | D:3      | Noticed an orc warrior
  2301 | D:3      | XOM: mild Air miscast
  2304 | D:3      | Reached skill level 1 in Stealth
  2311 | D:3      | XOM: smoke on damage
  2315 | D:3      | Mangled by an orc warrior

Skill      XL: |  1  2  3  4  5 |
---------------+----------------+-----
Dodging        | 1 |  1.8
Polearms       | 3 4 |  4.4
Armour         | 2 |  2.4
Stealth        | 1 |  1.0
Fighting       | |  3.6

Action                   |  1- 3 |  4- 6 || total
-------------------------+-------+-------++-------
Melee: Spear             |   135 |   147 ||   282
  Use: Scroll            |     4 |     2 ||     6
       Potion            |     2 |     3 ||     5
 Stab: Sleeping          |     1 |       ||     1
       Petrifying        |     1 |       ||     1
       Paralysed         |       |     4 ||     4
  Eat: Chunk             |       |     5 ||     5
Armor: Leather armour    |    31 |    40 ||    71
Dodge: Dodged            |    52 |    96 ||   148
